Map: Paladino Terminal LE

Players

PiG

  • Race: Terran Terran
  • League: Grandmaster
  • Spawn Location: 9:00

A.I. 1 (Very Easy) - Winner!

  • Race: Protoss Protoss
  • Spawn Location: 5:00

VOD

https://youtu.be/nMy387CPWec

Description

Very fast pressure that can punish a standard robo twilight expand super hard if Protoss messes up even a little.

Time

  • Played on: Feb. 16, 2017, 4:29 a.m.
  • Length: 4:58
Show
View Real Time Build Order
Export as new Build Order

PiG Terran 

Build Orders: Reaper Expand 

Get SALT Encoding   

  12  0:01  SCV  
  13  0:13  SCV  
  14  0:18  Supply Depot  
  14  0:25  SCV  
  15  0:30  Refinery  
  15  0:40  SCV  
  16  0:46  Barracks  
  16  0:52  SCV  
  17  1:04  SCV  
  18  1:16  SCV  
  19  1:33  Reaper, Orbital Command  
  20  1:46  Command Center  
  20  1:57  Factory  
  20  2:01  SCV  
  21  2:07  Refinery  
  21  2:12  Barracks Reactor  
  21  2:13  SCV  
  22  2:25  SCV  
  22  2:26  Supply Depot  
  23  2:43  Starport  
  23  2:46  Factory Tech Lab  
  23  2:47  SCV  
  23  2:49  Marine x2  
  26  2:59  SCV  
  26  3:03  Orbital Command  
  27  3:07  Marine x2  
  27  3:12  Siege Tank  
  32  3:15  SCV  
  33  3:24  Marine  
  33  3:25  Marine  
  35  3:27  Medivac  
  35  3:30  SCV  
  35  3:33  Supply Depot  
  38  3:38  SCV  
  39  3:42  SCV, Marine  
  39  3:43  Marine  
  42  3:51  Siege Tank  
  42  3:52  SCV  
  42  3:54  SCV  
  47  3:57  Supply Depot  
  47  4:04  SCV  
  47  4:08  Marine x2  
  50  4:13  SCV  
  51  4:21  Bunker  
  51  4:24  SCV  
  51  4:28  Marine  
  51  4:29  Marine  
  51  4:30  Barracks  
  54  4:32  Barracks  
  54  4:35  SCV  
  59  4:38  SCV  
  59  4:44  Factory Reactor  
Show
View Real Time Build Order
Export as new Build Order

A.I. 1 (Very Easy) Protoss - Winner!

Build Orders:  

Get SALT Encoding   

  12  0:01  Probe (Chrono Boost)  
  13  0:11  Probe (Chrono Boost)  
  14  0:21  Pylon  
  14  0:38  Assimilator  
  14  0:43  Gateway  
  14  0:47  Pylon  
  14  1:18  Assimilator  
  14  1:31  Zealot  
  14  1:32  Probe (Chrono Boost)  
  15  1:35  Cybernetics Core  
  17  1:43  Probe (Chrono Boost)  
  19  1:54  Probe (Chrono Boost)  
  19  2:00  Warp Gate  
  19  2:05  Probe (Chrono Boost)  
  20  2:16  Probe (Chrono Boost)  
  21  2:28  Probe (Chrono Boost)  
  22  2:40  Stalker  
Tags
 
Add a new tag
Caveats
  • Supply blocks, unpowered buildings, or Contaminate may cause inaccurate times.
  • Supply counts are checked every 10 seconds.